 Dungeon Crawl Stone Soup version 0.24-a0-584-g9d6b971 (webtiles) character file.

Game seed: 17412978420834430245, levelgen mode: deterministic

4682 vt the Cleaver (level 10, -1/94 HPs)
             Began as a Deep Dwarf Fighter on Sept 2, 2019.
             Was a Believer of Makhleb.
             Slain by an ice dragon (6 damage)
             ... on level 2 of the Lair of Beasts.
             The game lasted 00:36:08 (3122 turns).

vt the Cleaver (Deep Dwarf Fighter)                 Turns: 3122, Time: 00:36:08

Health: -1/94      AC: 15    Str: 28    XL:     10   Next: 21%
Magic:  11/11      EV:  6    Int: 13    God:    Makhleb [**....]
Gold:   240        SH: 10    Dex: 12    Spells: 7/9 levels left

rFire    . . .     SeeInvis .   a - +0 war axe
rCold    . . .     Gourm    .   c - +0 shield
rNeg     . . .     Faith    .   k - +1 chain mail of the Journeyman {rElec Int+4 Stlth+} (curse)
rPois    .         Spirit   .   (no helmet)
rElec    +         Reflect  .   (no cloak)
rCorr    .         Harm     .   (no gloves)
MR       ++...                  h - +2 pair of boots
Stlth    ..........             (no amulet)
HPRegen  0.00/turn              t - +1 ring of protection
MPRegen  0.12/turn              n - ring of protection from magic {!d}

@: mighty, non-regenerating
A: damage resistance, heal wounds, sense surroundings 2, no regeneration
a: Heal Wounds, Minor Destruction, Renounce Religion


You were on level 2 of the Lair of Beasts.
You worshipped Makhleb.
Makhleb was pleased with you.
You were not hungry.

You visited 3 branches of the dungeon, and saw 11 of its levels.
You also visited: Ossuary.

You collected 240 gold pieces.

Inventory:

Hand Weapons
 a - a +0 war axe (weapon)
 l - a +0 hunting sling
   (You found it on level 1 of the Dungeon)
 s - a +1 dagger of venom
   (You took it off a goblin on level 4 of the Dungeon)
Missiles
 e - 129 stones
 g - 9 boomerangs (quivered)
 m - 50 sling bullets
 o - a throwing net {!d !f =f}
 p - 2 atropa-tipped darts
 y - 22 poisoned darts
Armour
 b - a +0 scale mail
 c - a +0 shield (worn)
 h - a +2 pair of boots (worn)
   (You found it on level 1 of the Dungeon)
 k - the cursed +1 chain mail of the Journeyman (worn) {rElec Int+4 Stlth+}
   (You found it on level 1 of the Lair of Beasts)

   It affects your intelligence (+4).
   It insulates you from electricity.
   It makes you more stealthy.
   It has a curse placed upon it.
 r - a +1 helmet
   (You took it off Robin on level 4 of the Dungeon)
 u - a +0 chain mail
   (You found it on level 4 of the Dungeon)
Jewellery
 n - a ring of protection from magic (right hand) {!d}
   (You found it on level 1 of the Dungeon)
 t - a +1 ring of protection (left hand)
   (You found it on level 1 of the Lair of Beasts)
Scrolls
 d - a scroll of fog {unknown}
 j - a scroll of enchant weapon {unknown}
 v - 3 scrolls of fear
 w - a scroll of noise {unknown}
 x - 2 scrolls of blinking {unknown}
 B - a scroll of random uselessness {unknown}
 N - a scroll of remove curse {@r2}
 P - a scroll of magic mapping
 T - 3 scrolls of teleportation {@r4}
Potions
 i - 3 potions of heal wounds {@q2}
 q - a potion of haste {@q3}
 z - a potion of flight {unknown}
 A - a potion of agility
 C - 5 potions of curing {@q1}
 D - a potion of magic {unknown}
 K - 2 potions of lignification
 M - a potion of might
 W - 2 potions of ambrosia
Comestibles
 f - 17 rations


   Skills:
 - Level 7.0 Fighting
 - Level 13.0 Axes
 + Level 4.9 Armour
 - Level 3.2 Shields
 - Level 5.2 Invocations


You had 7 spell levels left.
You knew the following spells:

 Your Spells              Type           Power        Failure   Level  Hunger
b - Blink                 Tloc           N/A          100%        2    ###....

Your spell library contained the following spells:

 Spells                   Type           Power        Failure   Level  Hunger
 Magic Dart               Conj           #...         100%        1    ##.....
 Call Imp                 Summ           #.......     100%        2    ###....
 Slow                     Hex            #.......     100%        2    ###....
 Conjure Flame            Conj/Fire      #.......     100%        3    ####...
 Mephitic Cloud           Conj/Pois/Air  #.......     100%        3    ####...


Dungeon Overview and Level Annotations

Branches:
Dungeon (8/15)             Temple (1/1) D:5            Lair (2/6) D:8
Ossuary (visited)
  Swamp: Lair:2-4    Shoals: Lair:2-4     Snake: Lair:2-4    Spider: Lair:2-4

Altars:
Cheibriados
Elyvilon
Gozag
Makhleb
Nemelex Xobeh
Ru
Sif Muna
Trog
Uskayaw
Wu Jian
Yredelemnul
Zin
The Shining One

Annotations:
D:5 Menkaure
D:7 Harold
Lair:2 exclusion: oklob plant


Innate Abilities, Weirdness & Mutations

You are resistant to damage.
You can heal yourself by infusing magical energy.
You passively map the area around you.
You do not regenerate.


Message History

E - a chunk of flesh You see here a porcupine skeleton.
Eating a chunk of flesh.
You eat the chunk of flesh.
This raw flesh tastes terrible.
Okay, then.
As you read the scroll of identify {@r1}, it crumbles to dust.
B - 2 potions of lignification;
K - 2 potions of lignification Throwing (i - inventory. (/) - cycle)
g - 9 boomerangs (quivered)
Press: ? - help, Shift-Dir - straight line, f - crocodile
Aim: a crocodile You throw a boomerang.
The boomerang hits the crocodile but does no damage.
Throwing (i - inventory. (/) - cycle)
g - 9 boomerangs (quivered)
Press: ? - help, Shift-Dir - straight line, f/p - crocodile
Aim: a crocodile You throw a boomerang.
The boomerang hits the crocodile.
The crocodile is lightly wounded.
You block the crocodile's attack.
You slash the crocodile!
The crocodile is severely wounded.
The crocodile bites you!
* * * LOW HITPOINT WARNING * * *
You hit the crocodile.
You kill the crocodile!
Makhleb accepts your kill.
You now have 240 gold pieces (gained 24).
Unknown command.
Unknown command.
Unknown command.
Unknown command.
Unknown command.
B - a scroll labeled HUBRYZXATIA Safe move on A crocodile is nearby!
Safe move off Throwing (i - inventory. (/) - cycle)
g - 9 boomerangs (quivered)
Press: ? - help, Shift-Dir - straight line, f - crocodile
Aim: a crocodile You throw a boomerang.
The boomerang hits the crocodile!
The crocodile is moderately wounded.
Okay, then.
Throwing (i - inventory. (/) - cycle)
g - 9 boomerangs (quivered)
Press: ? - help, Shift-Dir - straight line, f/p - crocodile
Aim: a crocodile (moderately wounded)
You throw a boomerang.
The boomerang hits the crocodile but does no damage.
The crocodile is moderately wounded.
You slash the crocodile!
The crocodile is severely wounded.
You block the crocodile's attack.
You hit the crocodile.
You kill the crocodile!
Makhleb accepts your kill.
The ice dragon roars deafeningly!
You see here 15 gold pieces.
Press: ? - help, v - describe, . - travel
Here: an ice dragon The floor.
Okay, then.
Okay, then.
You feel much better.
You feel much better.
Okay, then.
You feel very mighty all of a sudden.
Throwing (i - inventory. (/) - cycle)
g - 9 boomerangs (quivered)
Press: ? - help, Shift-Dir - straight line, f - ice dragon
Aim: an ice dragon You throw a boomerang.
The boomerang hits the ice dragon but does no damage.
The ice dragon breathes frost at you. The blast of cold hits you!!
* * * LOW HITPOINT WARNING * * *
You barely miss the ice dragon. The ice dragon barely misses you.
The ice dragon claws you.
* * * LOW HITPOINT WARNING * * *
You block the ice dragon's attack.
Your shield and chain mail of the Journeyman prevent you from hitting the ice dragon.
The ice dragon bites you but does no damage.
You block the ice dragon's attack. The ice dragon completely misses you.
Press: ? - help, v - describe, . - travel
Here: an ice dragon (catching its breath)
The floor.
You slash the ice dragon!
The ice dragon is lightly wounded.
The ice dragon bites you but does no damage.
The ice dragon claws you!
* * * LOW HITPOINT WARNING * * *
The ice dragon tramples you.
You stumble backwards!
The ice dragon bites you.
The ice dragon claws you but does no damage.
The ice dragon tramples you but does no damage.
You slash the ice dragon!
The ice dragon is moderately wounded.
You hit the ice dragon but do no damage.
The ice dragon is moderately wounded.
The ice dragon breathes frost at you. The blast of cold hits you!!
* * * LOW HITPOINT WARNING * * *
The ice dragon bites you!
You die...

** ░░..░░ ░..░ , ░░
░.░░ *, .░░ ░.░ ,*
░░..░ ░░D░ * ,*
░...░ ░..░ , * *░░
░.░. ░.░░
,.░░░.░░..░░░░░ ░.░
, ...........@.░ ░.░
.....░.░░░░D░░░░.░ ,
░░░░....░ ░.░░...░ ,
** ░....░ ░....░░░
░...░.░░░░░░░ ,*
░░░░░...░░░░░ ░░
░.P...░.░░░.░░░.░░░░
.........░░......░.░
,
.░.░░..░.░........░░


You could see an ice dragon.

Vanquished Creatures
  A spiny frog (Lair:1)
  A queen bee (Lair:1)
  3 porcupines
  4 water moccasins
  A centaur (D:8)
  9 wolves (Lair:1)
  2 crocodiles (Lair:2)
  6 elf zombies (Ossuary)
  3 bullfrogs
  3 scorpions (D:4)
  26 killer bees (Lair:1)
  4 orc priests
  2 human zombies (Ossuary)
  A hound (D:2)
  6 orc wizards
  2 iguanas
  2 worker ants (D:4)
  2 mummies (Ossuary)
  Robin (D:4)
  2 adders
  An adder skeleton (D:4)
  An adder zombie (D:5)
  2 worms
  3 dart slugs
  12 orcs
  2 ball pythons
  6 bats
  3 giant cockroaches
  13 goblins
  6 hobgoblins
  4 jackals
  A kobold (D:1)
  A quokka (D:2)
  5 frilled lizards
  A quokka zombie (D:6)
  8 rats
  2 fungi (D:8)
152 creatures vanquished.

Vanquished Creatures (others)
  2 fungi (Lair:2)
  2 plants
4 creatures vanquished.

Grand Total: 156 creatures vanquished

Notes
Turn   | Place    | Note
-------+----------+-------------------------------------------
     0 | D:1      | vt the Deep Dwarf Fighter began the quest for the Orb.
     0 | D:1      | Reached XP level 1. HP: 20/20 MP: 1/1
   133 | D:1      | Reached skill level 3 in Axes
   139 | D:1      | Reached XP level 2. HP: 24/27 MP: 2/2
   362 | D:2      | Reached XP level 3. HP: 27/33 MP: 3/3
   406 | D:2      | Reached skill level 4 in Axes
   520 | D:3      | Learned a level 2 spell: Blink
   622 | D:3      | Reached XP level 4. HP: 25/40 MP: 4/4
   674 | D:2      | Reached skill level 5 in Axes
   758 | D:4      | Reached skill level 6 in Axes
   758 | D:4      | Reached XP level 5. HP: 26/46 MP: 5/5
   789 | D:4      | Reached skill level 3 in Fighting
   864 | D:4      | Reached XP level 6. HP: 31/56 MP: 6/6
   892 | D:4      | Noticed Robin
   930 | D:4      | Killed Robin
   961 | D:4      | Found a bloodstained altar of Trog.
   990 | D:4      | Reached skill level 4 in Fighting
   990 | D:4      | Reached skill level 7 in Axes
  1044 | D:4      | Found a sand-covered staircase.
  1051 | Ossuary  | Entered an ossuary
  1087 | Ossuary  | Reached XP level 7. HP: 28/66 MP: 7/7
  1113 | Ossuary  | Reached skill level 5 in Fighting
  1136 | Ossuary  | HP: 16/67 [elf zombie (4)]
  1191 | Ossuary  | Reached skill level 8 in Axes
  1206 | Ossuary  | HP: 13/67 [elf zombie (5)]
  1214 | Ossuary  | HP: 11/67 [human zombie (2)]
  1398 | D:5      | Entered Level 5 of the Dungeon
  1400 | D:5      | Found a staircase to the Ecumenical Temple.
  1411 | Temple   | Entered the Ecumenical Temple
  1419 | Temple   | Became a worshipper of Makhleb the Destroyer
  1457 | D:5      | Noticed Menkaure
  1593 | D:6      | Found an opulent altar of Gozag.
  1791 | D:6      | Reached skill level 9 in Axes
  1791 | D:6      | Reached XP level 8. HP: 42/74 MP: 7/7
  1846 | D:7      | Noticed Harold
  2009 | D:8      | Found a staircase to the Lair.
  2035 | Lair:1   | Entered Level 1 of the Lair of Beasts
  2042 | Lair:1   | Reached skill level 10 in Axes
  2114 | Lair:1   | Noticed a spiny frog
  2160 | Lair:2   | Noticed an oklob plant
  2178 | Lair:2   | Noticed a seven-headed hydra
  2299 | Lair:1   | Reached skill level 6 in Fighting
  2300 | Lair:1   | Got a brightly glowing chain mail
  2314 | Lair:1   | Identified the cursed +1 chain mail of the Journeyman
                  | {rElec Int+4 Stlth+} (You found it on level 1 of the Lair
                  | of Beasts)
  2341 | Lair:1   | HP: 19/76 [wolf (7)]
  2347 | Lair:1   | Reached skill level 11 in Axes
  2376 | Lair:1   | HP: 19/76 [wolf (4)]
  2387 | Lair:1   | Gained mutation: You passively map the area around you.
                  | [Deep Dwarf growth]
  2387 | Lair:1   | Reached XP level 9. HP: 34/82 MP: 7/7
  2407 | Lair:1   | HP: 20/82 [wolf (2)]
  2542 | Lair:1   | Reached * piety under Makhleb
  2556 | Lair:1   | Reached skill level 12 in Axes
  2559 | Lair:1   | Reached skill level 1 in Invocations
  2610 | Lair:1   | Reached skill level 2 in Invocations
  2633 | Lair:1   | Killed a spiny frog
  2633 | Lair:1   | Reached skill level 3 in Invocations
  2661 | Lair:1   | omg
  2669 | Lair:1   | Reached skill level 4 in Invocations
  2705 | Lair:1   | Reached skill level 7 in Fighting
  2716 | Lair:1   | Noticed a queen bee
  2751 | Lair:1   | Killed a queen bee
  2751 | Lair:1   | Reached skill level 5 in Invocations
  2764 | Lair:1   | Reached XP level 10. HP: 32/94 MP: 11/11
  2791 | Lair:1   | Reached ** piety under Makhleb
  2792 | Lair:1   | Reached skill level 13 in Axes
  2793 | Lair:1   | HP: 23/94 [killer bee (3)]
  2992 | Lair:2   | Reached skill level 4 in Armour
  3091 | Lair:2   | Noticed an ice dragon
  3122 | Lair:2   | HP: 5/94 [ice dragon/blast of cold (32)]
  3122 | Lair:2   | Slain by an ice dragon

Levels and vault maps discovered:
D:1:      tarquinn_simple_flora_water_b, layout_rooms
D:2:      layout_loops_ring
D:3:      layout_basic, nicolae_overflow_crystal_walls,
          okawaru_altar_gauntlet_db
D:4:      layout_basic, chequers_ossuary_entry_cave, bloody_trog, uniq_robin
D:5:      layout_basic, fedhas_bush_and_centaur_altar, temple_fountains,
          first_ration, uniq_menkaure
D:6:      layout_basic, grunt_temple_overflow_cloverleaf, serial_shops,
          kennysheep_mini_moat, nicolae_gozag_seed_capital
D:7:      minmay_clustersquares, layout_basic, grunt_ogre_cave,
          nicolae_qazlal_style_of_elements, uniq_joseph, uniq_harold
D:8:      layout_gridville, dpeg_oklobed_lair
Temple:   nicolae_temple_x_marks_the_god
Lair:1:   layout_roguey [special_room_bee]
Lair:2:   dragon1_lemuel, layout_loops_ring, dummy_snake_entry,
          beast_lair_carwin_2, minmay_lair_oklob_chamber, grunt_megastairs_2

Skill      XL: |  1  2  3  4  5  6  7  8  9 10 |
---------------+-------------------------------+-----
Axes           | 3 4 6 7 9 11 12 13 | 13.0
Fighting       | 3 4 5 6 7 |  7.0
Invocations    | 5 |  5.2
Armour         | 4 |  4.9
Shields        | |  3.2

Action                   |  1- 3 |  4- 6 |  7- 9 | 10-12 || total
-------------------------+-------+-------+-------+-------++-------
Melee: War axe           |   115 |   143 |   532 |    65 ||   855
Throw: Stone             |    12 |     5 |       |       ||    17
       Boomerang         |       |       |     3 |     6 ||     9
 Abil: Heal Wounds       |       |     2 |    14 |     3 ||    19
  Use: Scroll            |     3 |       |     6 |     2 ||    11
       Potion            |       |       |     4 |     2 ||     6
  Eat: Chunk             |       |     1 |     6 |     2 ||     9
Armor: Scale mail        |    50 |    52 |       |       ||   102
       Chain mail        |       |     6 |   242 |    33 ||   281
Dodge: Dodged            |    33 |    50 |   128 |    13 ||   224
Block: Shield            |    54 |    59 |   269 |    34 ||   416

Table legend:
 A = Non-vault XP
 B = Vault XP
 C = Vault XP percentage of total XP
 D = Non-vault monster count
 E = Vault monster count
 F = Vault count percentage of total count
                 A         B        C        D         E       F
            +---------+---------+-------+---------+---------+-------
      Total |    3895 |    2794 |  41.8 |     101 |      49 |  32.7
            +---------+---------+-------+---------+---------+-------
        D:1 |      32 |       0 |   0.0 |      19 |       0 |   0.0
        D:2 |      84 |       0 |   0.0 |      16 |       0 |   0.0
        D:3 |      23 |       0 |   0.0 |       7 |       0 |   0.0
        D:4 |     478 |      34 |   6.6 |      24 |      11 |  31.4
        D:5 |       5 |       0 |   0.0 |       1 |       0 |   0.0
        D:6 |      89 |       0 |   0.0 |       3 |       0 |   0.0
        D:7 |      86 |       0 |   0.0 |       3 |       0 |   0.0
        D:8 |     272 |       0 |   0.0 |       7 |       0 |   0.0
     Lair:1 |    2239 |    1934 |  46.3 |      16 |      27 |  62.8
     Lair:2 |     587 |     145 |  19.8 |       5 |       1 |  16.7
    Ossuary |       0 |     681 | 100.0 |       0 |      10 | 100.0
            +---------+---------+-------+---------+---------+-------

Levels and vault maps discovered:
D:1:      tarquinn_simple_flora_water_b, layout_rooms
D:2:      layout_loops_ring
D:3:      layout_basic, nicolae_overflow_crystal_walls,
          okawaru_altar_gauntlet_db
D:4:      layout_basic, chequers_ossuary_entry_cave, bloody_trog, uniq_robin
D:5:      layout_basic, fedhas_bush_and_centaur_altar, temple_fountains,
          first_ration, uniq_menkaure
D:6:      layout_basic, grunt_temple_overflow_cloverleaf, serial_shops,
          kennysheep_mini_moat, nicolae_gozag_seed_capital
D:7:      minmay_clustersquares, layout_basic, grunt_ogre_cave,
          nicolae_qazlal_style_of_elements, uniq_joseph, uniq_harold
D:8:      layout_gridville, dpeg_oklobed_lair
Temple:   nicolae_temple_x_marks_the_god
Lair:1:   layout_roguey [special_room_bee]
Lair:2:   dragon1_lemuel, layout_loops_ring, dummy_snake_entry,
          beast_lair_carwin_2, minmay_lair_oklob_chamber, grunt_megastairs_2

Table legend:
 A = Turns spent in this place as a percentage of turns spent in the entire game.
 B = Non-inter-level travel turns spent in this place as a percentage of non-inter-level travel turns spent in the entire game.
 C = Inter-level travel turns spent in this place as a percentage of turns spent in this place.
 D = Turns resting spent in this place as a percentage of non-inter-level travel turns spent in this place.
 E = Turns spent auto-exploring this place as a percentage of non-inter-level travel turns spent in this place.
 F = Non-inter-level travel turns spent in this place divided by the number of levels of this place that you've seen.
                   A       B       C       D       E      F
               +-------+-------+-------+-------+-------+----------------------
         Total | 100.0 | 100.0 |   2.1 |   0.0 |   0.0 | 254.7
       Dungeon |  57.3 |  57.9 |   1.1 |   0.0 |   0.0 | 221.1
        Temple |   0.5 |   0.3 |  41.2 |   0.0 |   0.0 |  10.0
          Lair |  34.8 |  34.3 |   3.6 |   0.0 |   0.0 | 524.0
       Ossuary |   7.3 |   7.5 |   0.0 |   0.0 |   0.0 | 229.0
               +-------+-------+-------+-------+-------+----------------------

Table legend:
 A = Kills in this place as a percentage of kills in entire the game.
 B = Kills by you in this place as a percentage of kills by you in the entire game.
 C = Kills by friends in this place as a percentage of kills by friends in the entire game.
 D = Other kills in this place as a percentage of other kills in the entire game.
 E = Experience gained in this place as a percentage of experience gained in the entire game.
 F = Experience gained in this place divided by the number of levels of this place that you have seen.
                   A       B       C       D       E      F
               +-------+-------+-------+-------+-------+----------------------
         Total | 100.0 | 100.0 |   N/A |   N/A | 100.0 | 557.4
       Dungeon |  60.7 |  60.7 |   N/A |   N/A |  16.5 | 137.9
          Lair |  32.7 |  32.7 |   N/A |   N/A |  73.3 | 2452.5
       Ossuary |   6.7 |   6.7 |   N/A |   N/A |  10.2 | 681.0
               +-------+-------+-------+-------+-------+----------------------
